 Dungeon Crawl Stone Soup version 0.26.1-2-gb8aa6d0cf2 (webtiles) character file.

Game seed: 11055917766226390245

49 CryoSword the Gusty (level 3, 0/20 HPs)
             Began as a Tengu Air Elementalist on Feb 13, 2021.
             Succumbed to an adder's poison
             ... on level 2 of the Dungeon.
             The game lasted 00:05:26 (1271 turns).

CryoSword the Gusty (Tengu Air Elementalist)        Turns: 1271, Time: 00:05:26

Health: 0/20       AC:  2    Str:  8    XL:     3   Next: 75%
Magic:  0/7        EV: 13    Int: 16    God:
Gold:   26         SH:  0    Dex: 14    Spells: 3/6 levels left

rFire    . . .     SeeInvis .   a - +0 whip (venom)
rCold    . . .     Faith    .   (no shield)
rNeg     . . .     Spirit   .   e - +0 robe
rPois    .         Reflect  .   (helmet restricted)
rElec    .         Harm     .   (no cloak)
rCorr    .         Rampage  .   (no gloves)
Will     .....                  (boots unavailable)
Stlth    ++........             (no amulet)
HPRegen  0.06/turn              (no ring)
MPRegen  0.10/turn              (no ring)

@: lethally poisoned (0 -> -20)
A: beak, talons 3
a: no special abilities


You were on level 2 of the Dungeon.
You visited 1 branch of the dungeon, and saw 2 of its levels.

You collected 26 gold pieces.

Inventory:

Hand Weapons
 a - a +0 whip of venom (weapon)
   (You took it off a gnoll on level 1 of the Dungeon)
Armour
 e - a +0 robe (worn)
Jewellery
 h - an uncursed ring of poison resistance
   (You found it on level 1 of the Dungeon)
Scrolls
 b - a scroll of remove curse {unknown}
 d - 2 scrolls of amnesia {unknown}
 f - a scroll of identify {@r1}
 g - a scroll of teleportation {unknown}


   Skills:
 + Level 0.4 Fighting
 - Level 2.6 Dodging
 - Level 2.0 Stealth
 - Level 2.0 Spellcasting
 + Level 2.5 Conjurations
 * Level 5.2 Air Magic


You had 3 spell levels left.
You knew the following spells:

 Your Spells              Type           Power        Failure   Level
a - Shock                 Conj/Air       56%          4%          1
b - Swiftness             Air            18%          3%          2

Your spell library contained the following spells:

 Spells                   Type           Power        Failure   Level
 Static Discharge         Conj/Air       14%          13%         3
 Airstrike                Air            9%           24%         4
 Lightning Bolt           Conj/Air       7%           75%         5


Dungeon Overview and Level Annotations

Branches:
Dungeon (2/15)

Altars:


Innate Abilities, Weirdness & Mutations

You have a beak for a mouth.
You have claws for feet.


Message History

You kill the bat!
Aim: a kobold, wielding a +0 short sword (40% to evade)
The zap hits the kobold.
Aim: a kobold, wielding a +0 short sword (40% to evade)
The zap hits the kobold.
Aim: a kobold, wielding a +0 short sword (severely wounded, 40% to evade)
The zap hits the kobold.
You kill the kobold!
A bat comes into view.
There is an open door here.
Aim: a bat (asleep, 0% to evade)
The zap hits the bat.
You kill the bat!
g - a scroll labelled YWAS COREOPOU You see here a +0 short sword.
As you open the door, it creaks loudly!
There is an open door here.
A giant cockroach comes into view.
Found a scroll labelled ASENOU DA ALELUXUT and a knobbly peridot ring.
Aim: a giant cockroach (32% to evade)
The zap hits the giant cockroach.
The giant cockroach barely misses you.
Aim: a giant cockroach (heavily wounded, 32% to evade)
The zap hits the giant cockroach.
The giant cockroach completely misses you.
Aim: a giant cockroach (severely wounded, 32% to evade)
The zap misses the giant cockroach.
The giant cockroach closely misses you.
Aim: a giant cockroach (severely wounded, 32% to evade)
The zap hits the giant cockroach.
You kill the giant cockroach!
f - 2 scrolls labelled ASENOU DA ALELUXUT (gained 1)
h - a knobbly peridot ring You open the door.
There is an open door here.
Found 22 arrows.
There's nothing to open nearby.
You see here 22 arrows.
You see here a bat skeleton.
There is an open door here.
You see here a rat skeleton.
Done exploring.
Done exploring.
There is a stone staircase leading down here.
You climb downwards.
There is a stone staircase leading up here.
Found a stone staircase leading down.
Found a chain mail.
d - 2 scrolls labelled OLABBUDAWECS (gained 1)
A goblin comes into view. It is wielding a +0 club.
The zap hits the goblin.
You kill the goblin!
Found 27 stones.
A hobgoblin comes into view. It is wielding a +0 club.
You see here a silvery potion.
You miscast Shock.
You are very lightly contaminated with residual magic.
Nothing appears to happen.
The zap hits the hobgoblin.
The hobgoblin shouts!
The zap hits the hobgoblin.
You hear a shout!
You hear an angry hiss.
You hear a shout!
You hear a bark!
A kobold comes into view. It is wielding a +0 dagger of venom.
The zap hits the hobgoblin.
You kill the hobgoblin!
Your Air Magic skill increases to level 5!
The zap hits the kobold.
You kill the kobold!
Your magical contamination has completely faded away.
An adder comes into view.
Aim: an adder (wandering, hasn't noticed you, 52% to evade)
The zap misses the adder.
The adder hisses angrily.
Aim: an adder (52% to evade)
The zap hits the adder.
A jackal comes into view.
Aim: an adder (moderately wounded, 52% to evade)
The zap hits the adder.
Aim: an adder (moderately wounded, 52% to evade)
The zap hits the adder.
The adder bites you.
Aim: an adder (severely wounded, 52% to evade) That beam is likely to hit you.
Continue anyway?
Okay, then.
Aim: an adder (severely wounded, 52% to evade)
Okay, then.
A hobgoblin comes into view. It is wielding a +0 club.
A goblin comes into view.
The hobgoblin moves out of view.
A jackal comes into view.
The hobgoblin shouts!
The jackal barks!
The adder bites you.
You are poisoned.
The adder poisons you!
You feel sick. The jackal misses you. The jackal barely misses you.
You feel sick. The adder bites you.
You are more poisoned.
The adder poisons you!
Aim: an adder (severely wounded, 52% to evade)
The zap hits the goblin.
The zap hits the adder.
You kill the adder!
You feel sick. The goblin hits you.
You feel sick.
It was a potion of heal wounds.
You feel much better. The goblin hits you but does no damage.
Aim: a goblin (moderately wounded, 40% to evade)
The zap misses the goblin.
The zap hits the jackal. x2; You feel sick.
The goblin hits you.
Aim: a goblin (moderately wounded, 40% to evade)
The zap hits the goblin.
You kill the goblin!
The zap hits the jackal. x2
You kill the jackal!
You hit the jackal.
You kill the jackal!
You feel sick.
An adder comes into view.
Aim: a hobgoblin, wielding a +0 club (32% to evade)
The zap hits the hobgoblin.
The adder hisses angrily.
You feel sick.
You barely miss the hobgoblin. You claw the hobgoblin.
You kill the hobgoblin!
You feel sick.
You feel sick.
You miss the adder. You claw the adder. The adder barely misses you.
You miss the adder. Your peck misses the adder. The adder bites you.
You are more poisoned.
The adder poisons you!
Aim: an adder (moderately wounded, 47% to evade)
The zap hits the adder.
You feel sick. The adder closely misses you. x2
You miss the adder. Your peck misses the adder.
The adder bites you but does no damage.
You miss the adder. Your kick misses the adder. The adder bites you.
* * * LOW HITPOINT WARNING * * *
The adder bites you.
* * * LOW HITPOINT WARNING * * *
You are lethally poisoned!
The adder poisons you!
You aren't carrying any potions.
Unknown command.
As you read the scroll labelled ASENOU DA ALELUXUT, it crumbles to dust.
It is a scroll of identify.
h - an uncursed ring of poison resistance
* * * LOW HITPOINT WARNING * * *
You feel sick. The adder bites you.
* * * LOW HITPOINT WARNING * * *
You are more poisoned.
The adder poisons you!
You barely miss the adder. You claw the adder.
You kill the adder!
You die...

#...# #....# .##..#
#### ### ).#g.# #..
..# .##..# #.# #.#
#....#####.#### #.#
##...†.†.)....# #.#
.#....####.##.###.#
.#.....#
#......@.####
......##
####........#
####.## #.######.#
#.# #.. .[##.# #.#
#.# #.##.# #+# #.#
#.##.# #.###.##.#
#........#
##.##.####


There were no monsters in sight!

Vanquished Creatures
  A gnoll (D:1)
  2 adders (D:2)
  2 dart slugs (D:1)
  A ball python (D:1)
  A giant cockroach (D:1)
  4 goblins
  2 hobgoblins (D:2)
  2 jackals (D:2)
  3 kobolds
  5 bats (D:1)
  2 frilled lizards (D:1)
  4 rats (D:1)
29 creatures vanquished.

Notes
Turn   | Place    | Note
-------+----------+-------------------------------------------
     0 | D:1      | CryoSword the Tengu Air Elementalist began the quest for
                  | the Orb.
     0 | D:1      | Reached XP level 1. HP: 10/10 MP: 4/4
   308 | D:1      | Reached XP level 2. HP: 15/15 MP: 1/6
   663 | D:1      | Learned a level 2 spell: Swiftness
   858 | D:1      | Reached XP level 3. HP: 19/19 MP: 4/7
  1210 | D:2      | Reached skill level 5 in Air Magic
  1271 | D:2      | Succumbed to an adder's poison

Illustrated notes

Levels and vault maps discovered:
D:1:      psy_arrival_statuary, layout_basic, minmay_tetromino_o2
D:2:      layout_loops_corners, minmay_pentomino_pile

Skill      XL: |  1  2  3 |
---------------+----------+-----
Conjurations   | 2 |  2.5
Air Magic      | 5 |  5.2
Fighting       | |  0.4
Dodging        | |  2.6
Stealth        | |  2.0
Spellcasting   | |  2.0

Action                   || total
-------------------------++-------
Melee: Unarmed           ||     4
       Whip              ||     9
       Kick              ||     3
 Cast: Shock             ||    54
  Use: Scroll            ||     1
       Potion            ||     1
Armor: Robe              ||    10
Dodge: Dodged            ||    27
